 Dungeon Crawl Stone Soup version 0.30-a0-629-gd54f4be4f7 (webtiles) character file.

Game seed: 115181181659320321

42 kae the Digger (level 3, -1/19 HPs)
             Began as a Gargoyle Earth Elementalist on Jan 12, 2023.
             Constricted to death by Robin (5 damage)
             ... on level 2 of the Dungeon.
             The game lasted 00:01:56 (975 turns).

kae the Digger (Gargoyle Earth Elementalist)         Turns: 975, Time: 00:01:57

Health: -1/19      AC:  5    Str: 11    XL:     3   Next: 56%
Magic:  2/6        EV:  8    Int: 17    God:
Gold:   37         SH:  0    Dex: 10    Spells: 0/6 levels left

rFire   . . .      SeeInvis .    (no weapon)
rCold   . . .      Faith    .    (no shield)
rNeg    + . .      Spirit   .    a - +0 robe
rPois   ∞          Reflect  .    (no helmet)
rElec   +          Harm     .    (no cloak)
rCorr   .          Rampage  .    (no gloves)
Will    .....                    (no boots)
Stlth   ++                       (no amulet)
HPRegen 0.23/turn                (no ring)
MPRegen 0.10/turn                (no ring)

@: grasped by roots, very slightly contaminated, constricted
A: sickness immunity, AC +3, negative energy resistance 1, electricity
resistance, torment resistance 1, petrification resistance
a: no special abilities


You were on level 2 of the Dungeon.
You visited 1 branch of the dungeon, and saw 2 of its levels.

You collected 37 gold pieces.


Innate Abilities, Weirdness & Mutations

You are immune to sickness and miasma.
Your stone body is resilient. (AC +3)
You are immune to poison.
You resist negative energy. (rN+)
You are resistant to electric shocks. (rElec)
You are resistant to unholy torment.
You are immune to petrification.


   Skills:
 - Level 1.5 Dodging
 - Level 2.1 Stealth
 + Level 2.3 Spellcasting
 * Level 1.7 Transmutations
 * Level 4.4 Earth Magic


You couldn't memorise any spells.
You knew the following spells:

 Your Spells              Type           Power      Damage    Failure   Level
a - Sandblast             Erth           34%        2d9       3%          1
b - Passwall              Tmut/Erth      10%        N/A       8%          2
c - Stone Arrow           Conj/Erth      18%        3d8       22%         3

Your spell library contained the following spells:

 Spells                   Type           Power      Damage    Failure   Level
 Petrify                  Tmut/Erth      12%        N/A       45%         4

Inventory:

Missiles
 c - 22 stones (quivered)
Armour
 a - a +0 robe (worn)
Wands
 i - a wand of digging (3)
   (You took it off a kobold on level 2 of the Dungeon)
Scrolls
 d - a scroll of vulnerability {unknown}
 e - 2 scrolls of identify {unknown}
 g - a scroll of torment {unknown}
 h - a scroll of magic mapping {unknown}
 j - a scroll of fear {unknown}
Potions
 b - 2 potions of magic

Dungeon Overview and Level Annotations

Branches:
Dungeon (2/15) Zot: 11005

Altars:

Annotations:
D:2 Robin

...PP.#.......##..#
.P.)..#.P.PP.P#...#
##.P..#....###....# ###########
#.#########.......####.........##
##........).........##...........
##..............##.##...........
##.....##......##..............
#############gg...............
######### #@................
........#####gg.............##
............g.............†..#
........##.gg...))..........##
#####.....)...##....####..####
########..##..#.#######......
##.........###.....)..........
..................###..######.
#.......#.###...##..........>


You could see Robin, 2 hobgoblins and 4 goblins.


Message History

You lost 1 mp, and now have 4/6 mp.
Key pressed, stopping explore.
Casting: Sandblast (safe; 3% risk of failure)
Confirm with . or Enter, or press ? or * to list all spells.
You can't see any susceptible monsters within range! (Use Z to cast anyway.) This spell is astonishingly dangerous to cast!
Memorise Stone Arrow, consuming 3 spell levels and leaving 0?
You start memorising the spell.
You continue memorising. x3
You finish memorising.
Spell assigned to 'c'. 😎 MP[+1]
A goblin comes into view. It is wielding a +0 club. 😎 MP[+1]
Your mp is fully restored (6).
A goblin is nearby!
A goblin is nearby!
A goblin is nearby!
Casting: Sandblast (safe; 3% risk of failure)
Confirm with . or Enter, or press ? or * to list all spells.
Aiming: Sandblast (safe; 3% risk of failure)
Press: ? - help, Shift-Dir - straight line, f - goblin
Aim: a goblin, wielding a +0 club (wandering, hasn't noticed you, 77% to hit)
The blast of sand hits the goblin!
You kill the goblin! 😎 MP[-1]
You lost 1 mp, and now have 5/6 mp.
Casting: Sandblast (safe; 3% risk of failure)
Confirm with . or Enter, or press ? or * to list all spells.
You can't see any susceptible monsters within range! (Use Z to cast anyway.)
j - a scroll labelled QEUPTUICEW
Things that are here:
a +0 club; a goblin corpse
There is a faded altar of an unknown god here.
Key pressed, stopping explore. 2 hobgoblins come into view. 😎 MP[+1]
Your mp is fully restored (6).
There are monsters nearby!
There are monsters nearby!
Casting: Sandblast (safe; 3% risk of failure)
Confirm with . or Enter, or press ? or * to list all spells.
Aiming: Sandblast (safe; 3% risk of failure)
Press: ? - help, Shift-Dir - straight line, f - Robin
Aim: Robin, wielding a +2 mace of holy wrath, wearing a +2 animal skin, wearing a +0 helmet and carrying a wand of roots (11) (wandering, hasn't noticed you, 87% to hit)
The blast of sand misses Robin.
Robin shouts!
You hear a shout! x5
A goblin comes into view. It is wielding a +0 club. x2
Robin throws the goblin at you!
The goblin moves out of view. 😎 MP[-1]
You lost 1 mp, and now have 5/6 mp.
Casting: Sandblast (safe; 3% risk of failure)
Confirm with . or Enter, or press ? or * to list all spells.
Aiming: Sandblast (safe; 3% risk of failure)
Press: ? - help, Shift-Dir - straight line, f/p - Robin
Aim: Robin, wielding a +2 mace of holy wrath, wearing a +2 animal skin, wearing a +0 helmet and carrying a wand of roots (11) (87% to hit)
The blast of sand misses Robin.
A goblin comes into view. It is wielding a +0 dagger.
Robin roars a battlecry!
The goblins go into a battle-frenzy!
The goblin closely misses you. 😎 MP[-1]
You lost 1 mp, and now have 4/6 mp.
Unknown command.
Casting: Sandblast (safe; 3% risk of failure)
Confirm with . or Enter, or press ? or * to list all spells.
Aiming: Sandblast (safe; 3% risk of failure)
Press: ? - help, Shift-Dir - straight line, f/p - Robin
Aim: Robin, wielding a +2 mace of holy wrath, wearing a +2 animal skin, wearing a +0 helmet and carrying a wand of roots (11) (87% to hit)
You miscast Sandblast.
You are very lightly contaminated with residual magic.
Nothing appears to happen.
A goblin comes into view. It is wielding a +0 dagger.
Robin throws the goblin at you!
The goblin hits you but does no damage. 😎 MP[-1]
You lost 1 mp, and now have 3/6 mp.
Casting: Sandblast (safe; 3% risk of failure)
Confirm with . or Enter, or press ? or * to list all spells.
Aiming: Sandblast (safe; 3% risk of failure)
Press: ? - help, Shift-Dir - straight line, f/p - Robin
Aim: Robin, wielding a +2 mace of holy wrath, wearing a +2 animal skin, wearing a +0 helmet and carrying a wand of roots (11) (87% to hit)
The blast of sand hits Robin!
The goblin hits you but does no damage.
Robin zaps a wand.
The roots erupt in riotous growth!
The grasping roots grab you!
The goblin is unaffected.
The goblin is unaffected.
The grasping roots constrict you. The goblin hits you with a +0 club. x2
* * * LOW HITPOINT WARNING * * *
The goblin closely misses you. The grasping roots constrict you.
* * * LOW HITPOINT WARNING * * *
😱 HP[-15] MP[-1]
You take 15 damage, and now have 4/19 hp.
MASSIVE DAMAGE!! (PAUSE)
You lost 1 mp, and now have 2/6 mp.
Okay, then.
As you read the scroll labelled JOODUO XUGEPNE, it crumbles to dust.
It is a scroll of enchant weapon.
You aren't carrying any weapons that can be enchanted.
The hobgoblin hits you but does no damage.
The goblin hits you but does no damage. The grasping roots constrict you.
You die...

Skill      XL: |  1  2 |
---------------+-------+-----
Transmutations | 1 |  1.7
Earth Magic    | 4 |  4.4
Dodging        | |  1.5
Stealth        | |  2.1
Spellcasting   | |  2.3

Action                   || total
-------------------------++-------
Melee: Unarmed           ||    20
 Cast: Sandblast         ||    37
  Use: Scroll            ||     1
Armor: Robe              ||    28
Dodge: Dodged            ||    18

Levels and vault maps discovered:
D:1:      moated_graveyard_arrival, layout_loops_cross
D:2:      layout_rooms, shapermc_ecumenical_altar_gd, minmay_split_cup_small,
          uniq_robin

Notes
Turn   | Place    | Note
-------+----------+-------------------------------------------
     0 | D:1      | kae the Gargoyle Earth Elementalist began the quest for the
                  | Orb.
     0 | D:1      | Reached XP level 1. HP: 10/10 MP: 3/3
     0 | D:1      | magus.rc [v1.11.3]
   135 | D:1      | Reached skill level 1 in Transmutations
   533 | D:2      | Reached XP level 2. HP: 14/15 MP: 0/5
   596 | D:2      | Reached skill level 4 in Earth Magic
   676 | D:2      | Learned a level 2 spell: Passwall
   802 | D:2      | Reached XP level 3. HP: 19/19 MP: 2/6
   829 | D:2      | Noticed Robin
   865 | D:2      | Found a faded altar of an unknown god.
   908 | D:2      | Learned a level 3 spell: Stone Arrow
   974 | D:2      | HP: 4/19 [constriction (5)]
   975 | D:2      | Constricted to death by Robin

Vanquished Creatures
  2 adders (D:2)
  A bat (D:2)
  3 endoplasms
  2 giant cockroaches (D:2)
  3 goblins (D:2)
  2 hobgoblins
  4 kobolds
  A quokka (D:2)
  2 frilled lizards (D:2)
  4 rats
24 creatures vanquished.

Vanquished Creatures (others)
  6 demonic plants (D:2)
  4 fungi (D:2)
  A plant (D:2)
  4 withered plants (D:2)
15 creatures vanquished.

Grand Total: 39 creatures vanquished

Table legend:
 A = Non-vault XP
 B = Vault XP
 C = Vault XP percentage of total XP
 D = Non-vault monster count
 E = Vault monster count
 F = Vault count percentage of total count
                 A         B        C        D         E       F
            +---------+---------+-------+---------+---------+-------
      Total |      30 |      31 |  50.8 |      19 |       5 |  20.8
            +---------+---------+-------+---------+---------+-------
        D:1 |       8 |       0 |   0.0 |       5 |       0 |   0.0
        D:2 |      22 |      31 |  58.5 |      14 |       5 |  26.3
            +---------+---------+-------+---------+---------+-------

Illustrated notes

Table legend:
 A = Kills in this place as a percentage of kills in entire the game.
 B = Kills by you in this place as a percentage of kills by you in the entire game.
 C = Kills by friends in this place as a percentage of kills by friends in the entire game.
 D = Other kills in this place as a percentage of other kills in the entire game.
 E = Experience gained in this place as a percentage of experience gained in the entire game.
 F = Experience gained in this place divided by the number of levels of this place that you have seen.
                   A       B       C       D       E      F
               +-------+-------+-------+-------+-------+----------------------
         Total | 100.0 | 100.0 |   N/A |   N/A | 100.0 |  30.5
       Dungeon | 100.0 | 100.0 |   N/A |   N/A | 100.0 |  30.5
               +-------+-------+-------+-------+-------+----------------------

Table legend: (Time is in decaauts)
 A = Elapsed time spent in this place.
 B = Non-inter-level travel time spent in this place.
 C = Inter-level travel time spent in this place.
 D = Time resting spent in this place.
 E = Time spent auto-exploring this place.
 F = Levels seen in this place.
 G = Mean time per level.
                   A        B        C        D        E       F      G
               +--------+--------+--------+--------+--------+-----+--------+
         Total |    993 |    974 |     19 |     58 |    738 |   2 |  496.5 |
       Dungeon |    993 |    974 |     19 |     58 |    738 |   2 |  496.5 |
               +--------+--------+--------+--------+--------+-----+--------+

Top non-repeatable levels by time:
     D:1: 513 daAuts
     D:2: 479 daAuts
